 Dungeon Sprint DCSS version 0.18-a0-1702-gd20c6a5 (webtiles) character file.

255 Arkorax the Unseen (level 5, -8/25 HPs)
             Began as a Spriggan Assassin on Apr 6, 2016.
             Mangled by a slime creature (21 damage)
             ... in the Dungeon (Sprint I: "Red Sonja").
             The game lasted 00:00:47 (98 turns).

Arkorax the Unseen (Spriggan Assassin)                Turns: 98, Time: 00:00:47

Health: -8/25      AC:  3    Str:  7    XL:     5   Next: 91%
Magic:  6/6        EV: 17    Int: 13    God:
Gold:   162        SH:  0    Dex: 18    Spells: 0 memorised, 4 levels left

rFire  . . .     SeeInvis +     a - +2 dagger
rCold  . . .     Gourm    .     c - +0 robe
rNeg   . . .     Faith    .     (shield restricted)
rPois  .         Spirit   .     (helmet restricted)
rElec  .         Dismiss  .     d - +0 cloak
rCorr  .         Reflect  .     (gloves unavailable)
SustAt .         Harm     .     (boots unavailable)
MR     .....     NoTele   +     (no amulet)
Stlth  ++++++++..               (no ring)
                                (no ring)

@: very quick, not resistant to hostile enchantments, extraordinarily stealthy
A: unfitting armour, see invisible, herbivore 3, speed 3, slow metabolism 2
a: no special abilities


You were in the Dungeon.
You were not hungry.

You visited 1 branch You collected 162 gold pieces.

Inventory:

Hand Weapons
 a - a +2 dagger (weapon)
 b - a +0 blowgun
Missiles
 e - 8 poisoned needles
Armour
 c - a +0 robe (worn)
 d - a +0 cloak (worn)
Wands
 n - a wand of random effects (25/48)
Scrolls
 m - a scroll of blinking
Potions
 h - a potion of curing
 i - a potion of heal wounds
 j - a potion of haste
 k - 2 potions of magic
 l - a potion of berserk rage
Comestibles
 g - a bread ration


   Skills:
 - Level 1.5 Fighting
 - Level 2.1 Short Blades
 - Level 2.0 Throwing
 - Level 1.5 Dodging
 + Level 18.1 Stealth


You had 4 spell levels left.
You didn't know any spells.

Dungeon Overview and Level Annotations

Branches:
Dungeon (1/1)

Altars:
Cheibriados
Dithmenos
Fedhas
Jiyva


Innate Abilities, Weirdness & Mutations

You are tiny and cannot use many weapons and most armour.
You have supernaturally acute eyesight.
You are a herbivore.
You cover ground extremely quickly.
You need consume almost no food.


Message History

The curare-tipped needle hits the slime creature.
The slime creature is lightly wounded.
Firing (i - inventory. (,) - cycle):
f - a curare-tipped needle (quivered)
Press: ? - help, Shift-Dir - straight line, f/p - slime creature
Aim: a slime creature (lightly wounded)
You shoot a curare-tipped needle.
The curare-tipped needle hits the slime creature.
The slime creature is lightly wounded.
There is an open door here.
There is an open door here.
Things that are here:
a club; a scale mail
There is an open door here.
There is a fountain of clear blue water here.
Wield which item (- for none, * to show all)? (? for menu, Esc to quit)
a - a +2 dagger (weapon)
The slime creature hits you! The slime creature hits you!!
Ouch! That really hurt!
You die...

###################
#<.#.)J..#.)'((#__#
#..'..#..'..#..'^.+
#..#####'#####+#__#
#)@# #..# #### #.J#
#### #..# #⌠⌠# ####


You could see a slime creature.

Vanquished Creatures
  Sigmund (D)
  An ogre (D)
  Ijyb (D)
3 creatures vanquished.

Notes
Turn   | Place    | Note
--------------------------------------------------------------
     0 | D        | Arkorax the Spriggan Assassin began the quest for the Orb.
     0 | D        | Reached XP level 1. HP: 10/10 MP: 2/2
     1 | D        | Noticed Ijyb
     4 | D        | Killed Ijyb
     4 | D        | Reached skill level 10 in Stealth
     4 | D        | Reached XP level 2. HP: 14/14 MP: 3/3
     6 | D        | Noticed an ogre
    23 | D        | Killed an ogre
    23 | D        | Reached skill level 14 in Stealth
    23 | D        | Reached XP level 3. HP: 18/18 MP: 4/4
    23 | D        | Reached XP level 4. HP: 22/22 MP: 5/5
    37 | D        | Noticed Sigmund
    40 | D        | Killed Sigmund
    40 | D        | Reached skill level 18 in Stealth
    40 | D        | Reached XP level 5. HP: 25/25 MP: 6/6
    65 | D        | Found a snail-covered altar of Cheibriados.
    65 | D        | Found a viscous altar of Jiyva.
    65 | D        | Found a shadowy altar of Dithmenos.
    65 | D        | Found a blossoming altar of Fedhas.
    65 | D        | Noticed a slime creature
    98 | D        | Mangled by a slime creature

Vault maps used:
D:        dungeon_sprint_1

Skill      XL: |  1  2  3  4 |
---------------+-------------+-----
Stealth        | 10 14 18 | 18.1
Fighting       | |  1.5
Short Blades   | |  2.1
Throwing       | |  2.0
Dodging        | |  1.5

Action                   |  1- 3 |  4- 6 || total
-------------------------+-------+-------++-------
Melee: Dagger            |     2 |     3 ||     5
 Fire: Blowgun           |     2 |     2 ||     4
 Stab: Sleeping          |     1 |     1 ||     2
